 Dungeon Crawl Stone Soup version 0.30-a0-802-gb92711bcdf (webtiles) character file.

Game seed: 5482271402129574188

69 Pimp the Trooper (level 4, -1/41 HPs)
             Began as a Hill Orc Fighter on Feb 24, 2023.
             Slain by a gnoll
             ... wielding a +0 halberd of freezing
              (2 damage)
             ... on level 2 of the Dungeon.
             The game lasted 00:02:17 (1111 turns).

Pimp the Trooper (Hill Orc Fighter)                 Turns: 1111, Time: 00:02:18

Health: -1/41      AC: 12    Str: 20    XL:     4   Next: 20%
Magic:  4/4        EV:  9    Int:  8    God:
Gold:   127        SH:  4    Dex: 10    Spells: 3/3 levels left

rFire   . . .      SeeInvis .    a - +0 long sword
rCold   . . .      Faith    .    c - +0 buckler
rNeg    . . .      Spirit   .    b - +0 scale mail
rPois   +          Reflect  .    (no helmet)
rElec   .          Harm     .    l - +0 cloak
rCorr   .          Rampage  .    (no gloves)
Will    .....                    (no boots) Stlth
                                 (no amulet)
HPRegen 0.26/turn                i - ring of poison resistance
MPRegen 0.09/turn                j - +4 ring of protection

@: mighty, weak-willed
A: no striking features
a: no special abilities


You were on level 2 of the Dungeon.
You visited 1 branch of the dungeon, and saw 2 of its levels.

You collected 127 gold pieces.

Inventory:

Hand Weapons
 a - a +0 long sword (weapon)
Missiles
 e - 9 poisoned darts (quivered)
Armour
 b - a +0 scale mail (worn)
 c - a +0 buckler (worn)
 l - a +0 cloak (worn)
Jewellery
 i - a ring of poison resistance (left hand)
 j - a +4 ring of protection (right hand)
Scrolls
 g - a scroll of noise
 k - a scroll of torment


   Skills:
 + Level 4.3 Fighting
 + Level 3.0 Long Blades
 + Level 3.9 Armour
 + Level 3.9 Shields


You had 3 spell levels left.
You didn't know any spells.
Your spell library contained the following spells:

 Spells                   Type           Power      Damage    Failure   Level
 Summon Guardian Golem    Hex/Summ       0%         N/A       99%         3
 Orb of Destruction       Conj           0%         9d5       100%        7
 Spellforged Servitor     Conj/Summ      0%         N/A       100%        7


Dungeon Overview and Level Annotations

Branches:
Dungeon (2/15)

Altars:

Shops:
D:1 [[?


Message History

As you read the scroll labelled SEKLASEEPS, it crumbles to dust.
You hear a loud clanging noise!
It was a scroll of noise.
You hear a shout!
The gnoll closely misses you.
You hit the kobold.
The kobold is severely wounded.
You block the gnoll's attack.
The kobold hits you with a +0 short sword.
The gnoll misses you.
As you read the scroll labelled HEECOC SOHAMU, it crumbles to dust.
Magic quickly surges around you.
It was a scroll of vulnerability.
The gnoll barely misses you. The kobold hits you but does no damage.
You block the gnoll's attack. The gnoll hits you but does no damage.
You feel very mighty all of a sudden. The gnoll closely misses you.
The kobold closely misses you.
The gnoll hits you from afar with a +0 spear.
The gnoll barely misses you.
As you read the scroll labelled NIEGEGHA GONEJ, it crumbles to dust.
It is a scroll of identify.
k - a scroll of torment The gnoll closely misses you.
The kobold closely misses you. The gnoll misses you.
You block the gnoll's attack.
You barely miss the kobold.
The kobold is severely wounded.
The gnoll barely misses you. The kobold closely misses you.
The gnoll hits you from afar with a +0 spear!
The gnoll barely misses you.
You hit the kobold.
You kill the kobold!
You block the gnoll's attack.
The gnoll hits you from afar with a +0 halberd of freezing!
* * * LOW HITPOINT WARNING * * *
The gnoll freezes you.
* * * LOW HITPOINT WARNING * * *
The gnoll hits you from afar with a +0 spear.
* * * LOW HITPOINT WARNING * * *
The gnoll hits you but does no damage. x2
The gnoll hits you from afar with a +0 halberd of freezing.
You die...

#.......####.###########
#.......# #.#
#.......####.#
#........(.#.#
####....)..#.# ##
#...g...#.. .. #
###ggg..### #. # ##)####
#.### #@# #....
#........ #...)
#........... #....
##...........#....
###+#!.....###.. $
........ ###.###.
###...... .........


You could see 4 gnolls.

Vanquished Creatures
  Jessica (D:2)
  2 adders (D:2)
  A ball python (D:1)
  2 bats (D:1)
  3 endoplasms (D:1)
  3 giant cockroaches (D:1)
  2 goblins (D:1)
  3 hobgoblins
  2 quokkas (D:1)
  A frilled lizard (D:1)
  A kobold (D:2)
  3 rats (D:1)
24 creatures vanquished.

Notes
Turn   | Place    | Note
-------+----------+-------------------------------------------
     0 | D:1      | Pimp the Hill Orc Fighter began the quest for the Orb.
     0 | D:1      | Reached XP level 1. HP: 19/19 MP: 1/1
   136 | D:1      | Found Wykuoff's Magic Scroll Shop.
   276 | D:1      | Reached XP level 2. HP: 22/27 MP: 2/2
   465 | D:1      | Found Affaecs's Antique Armour Shoppe.
   569 | D:1      | Found Jiuzatox's Antique Armour Boutique.
   701 | D:1      | Reached skill level 4 in Fighting
   805 | D:2      | Noticed Jessica
   812 | D:2      | Killed Jessica
   813 | D:2      | Reached XP level 3. HP: 24/33 MP: 3/3
   828 | D:2      | Reached XP level 4. HP: 34/40 MP: 4/4
  1111 | D:2      | HP: 2/41 [gnoll/+0 halberd of freezing (4)]
  1111 | D:2      | Slain by a gnoll

Illustrated notes

Levels and vault maps discovered:
D:1:      lightli_arrival_chessboard, layout_loops_ring, serial_shops,
          shop_statue, shop_scrolls, nicolae_shop_trees
D:2:      layout_basic, uniq_jessica

Skill      XL: |  1  2  3 |
---------------+----------+-----
Fighting       | 4 |  4.3
Long Blades    | 3 |  3.0
Armour         | |  3.9
Shields        | |  3.9

Action                     |  1- 3 |  4- 6 || total
---------------------------+-------+-------++-------
  Melee: Long sword        |    75 |     9 ||    84
    Use: Scroll            |       |     3 ||     3
         Potion            |       |     1 ||     1
 Armour: Scale mail        |    36 |    11 ||    47
  Dodge: Dodged            |    36 |    24 ||    60
  Block: Buckler           |    21 |    10 ||    31

Table legend: (Time is in decaauts)
 A = Elapsed time spent in this place.
 B = Non-inter-level travel time spent in this place.
 C = Inter-level travel time spent in this place.
 D = Time resting spent in this place.
 E = Time spent auto-exploring this place.
 F = Levels seen in this place.
 G = Mean time per level.
                   A        B        C        D        E       F      G
               +--------+--------+--------+--------+--------+-----+--------+
         Total |   1135 |   1084 |     51 |     79 |    713 |   2 |  567.5 |
       Dungeon |   1135 |   1084 |     51 |     79 |    713 |   2 |  567.5 |
               +--------+--------+--------+--------+--------+-----+--------+

Top non-repeatable levels by time:
     D:1: 825 daAuts
     D:2: 309 daAuts
